Map: Ciudad Esmeralda EE

Players

MrFercho - Winner!

  • Race: Terran Terran
  • League: Silver
  • Spawn Location: 5:00

tigro - Winner!

  • Race: Terran Terran
  • League: Bronze
  • Spawn Location: 5:00

BallofWater

  • Race: Protoss Protoss
  • Spawn Location: 11:00

BallofNails

  • Race: Terran Terran
  • Spawn Location: 11:00

VOD

Have the link to the VOD?

Description

Time

  • Played on: May 19, 2020, 11:37 p.m.
  • Length: 19:51
Show
View Real Time Build Order
Export as new Build Order

MrFercho Terran - Winner!

Build Orders:  

Get SALT Encoding   

  12  0:01  SCV  
  13  0:18  SCV  
  14  0:23  Supply Depot  
  14  0:29  Refinery  
  14  0:31  SCV  
  15  0:51  Barracks  
  15  0:58  SCV  
  16  1:06  Refinery  
  16  1:17  Barracks  
  16  1:22  Supply Depot  
  17  1:25  SCV  
  17  1:37  SCV  
  17  1:39  Reaper  
  19  1:50  SCV  
  20  2:07  Reaper  
  21  2:11  Reaper  
  22  2:19  Orbital Command  
  22  2:39  Reaper  
  23  2:47  Factory  
  23  2:48  SCV  
  24  3:08  Reaper  
  21  5:01  Marine x2  
  22  5:19  Marine x2  
  24  5:24  Command Center, Factory Tech Lab  
  24  5:27  SCV  
  25  5:29  Refinery  
  25  5:33  Refinery  
  25  5:36  Marine  
  25  5:37  Marine  
  25  5:38  Supply Depot  
  25  5:39  SCV  
  25  5:40  Supply Depot  
  28  5:51  SCV  
  28  5:54  Marine  
  28  5:55  Marine  
  31  5:57  Starport  
  31  6:03  SCV  
  32  6:12  Marine  
  32  6:13  Marine  
  32  6:15  SCV  
  35  6:27  Siege Tank  
  38  6:38  SCV  
  39  6:44  Medivac  
  41  6:57  Engineering Bay  
  41  6:59  Siege Tank  
  44  7:03  Orbital Command  
  44  7:14  Medivac  
  46  7:46  Marine x2  
  46  7:50  Siege Tank  
  51  7:57  Starport Tech Lab  
  51  8:03  Marine  
  51  8:04  Marine  
  53  8:13  Terran Infantry Armor Level 1  
  53  8:21  Armory, Marine  
  53  8:22  Marine, Siege Tank  
  53  8:23  Fusion Core  
  58  8:39  Marine x2  
  60  8:54  Siege Tank  
  63  8:57  Marine x2  
  65  9:26  Siege Tank  
  60  10:07  Terran Infantry Weapons Level 1  
  54  10:38  Barracks Reactor x2  
  38  11:08  Terran Vehicle And Ship Armor Level 1  
  38  11:09  Barracks  
  38  11:10  Barracks  
  38  11:13  Barracks  
  30  11:26  Marine  
  30  11:27  Marine x3  
  34  11:37  Battlecruiser  
  40  11:44  Marine x4  
  44  11:58  SCV  
  45  12:01  Terran Infantry Armor Level 2  
  45  12:02  Marine x4  
  49  12:10  SCV  
  50  12:15  Barracks Tech Lab  
  50  12:19  Marine  
  50  12:20  Marine x3  
  50  12:22  SCV  
  55  12:34  SCV  
  56  12:41  Battlecruiser  
  62  12:46  SCV  
  63  12:56  Cloaking Field  
  63  13:06  Terran Ship Weapons Level 1  
  63  13:13  SCV  
  64  13:25  SCV  
  64  13:26  Weapon Refit  
  65  13:37  SCV  
  66  13:45  Battlecruiser  
  72  13:49  SCV  
  73  14:02  SCV  
  74  14:17  Terran Infantry Weapons Level 2  
  64  14:47  Marine  
  64  14:48  Marine x6  
  64  14:49  Battlecruiser  
  73  15:05  Marine  
  73  15:06  Marine x6  
  75  15:11  Combat Shield  
  73  15:23  Marine x2  
  73  15:24  Marine x3  
  78  15:29  Starport  
  78  15:30  Starport  
  78  15:34  Supply Depot  
  78  15:35  Supply Depot  
  78  15:36  Supply Depot  
  78  15:37  Supply Depot  
  78  15:40  Supply Depot  
  78  15:42  Marine x7  
  85  16:00  Marine x3  
  88  16:18  Marine x2  
  90  16:20  Command Center  
  90  16:23  Refinery  
  90  16:25  Refinery  
  90  17:37  Viking x2  
  94  18:07  Viking x2  
  97  18:37  Viking x2  
  101  19:07  Viking x2  
Show
View Real Time Build Order
Export as new Build Order

tigro Terran - Winner!

Build Orders:  

Get SALT Encoding   

  12  0:03  SCV  
  13  0:15  SCV  
  14  0:22  Supply Depot  
  14  0:28  Refinery  
  14  0:29  SCV  
  15  0:44  SCV  
  16  0:54  Barracks  
  16  0:56  SCV  
  17  1:08  SCV  
  18  1:20  SCV, Refinery  
  19  1:26  Supply Depot  
  20  1:32  SCV  
  20  1:43  Marine  
  20  1:45  SCV  
  22  1:57  SCV  
  22  2:01  Marine  
  24  2:04  Barracks  
  24  2:09  SCV  
  25  2:18  Marine  
  25  2:20  Engineering Bay  
  25  2:21  SCV  
  27  2:36  Marine  
  28  2:40  Orbital Command  
  28  2:54  Marine  
  29  2:59  Barracks Tech Lab  
  29  3:02  Factory  
  29  3:19  Barracks Tech Lab  
  29  3:24  Reaper  
  30  3:56  Reaper  
  30  3:57  Missile Turret  
  30  4:00  Factory Tech Lab  
  31  4:11  Starport  
  31  4:18  Missile Turret  
  29  4:28  Marauder  
  28  4:40  Missile Turret  
  28  4:50  Marauder, Starport  
  29  5:08  Marine, Missile Turret  
  30  5:23  Marauder  
  30  5:24  Combat Shield  
  30  5:25  Marine  
  30  5:26  Stimpack  
  33  5:30  Medivac  
  33  5:31  Missile Turret  
  33  5:33  Starport Tech Lab  
  35  5:43  Marine  
  35  5:44  Armory, Marine  
  35  5:48  Siege Tank  
  40  6:01  Marine  
  40  6:02  Marine  
  42  6:13  Command Center  
  42  6:17  Starport Tech Lab  
  42  6:19  Marine  
  42  6:20  Marine  
  44  6:37  Marine  
  44  6:38  Marine  
  46  6:43  Concussive Shells  
  46  6:54  Marine  
  47  7:19  Fusion Core  
  47  7:24  Marine x2  
  47  7:28  Planetary Fortress  
  49  7:34  Refinery  
  49  8:04  Terran Infantry Weapons Level 1  
  49  8:08  Thor  
  49  8:10  Supply Depot  
  55  8:23  SCV  
  56  8:32  Weapon Refit  
  56  8:35  Supply Depot, SCV  
  57  8:47  SCV  
  58  8:59  SCV  
  59  9:12  SCV  
  60  9:25  SCV  
  60  9:26  Refinery  
  61  9:37  SCV  
  62  9:49  SCV  
  63  9:58  Terran Infantry Armor Level 1  
  63  10:01  SCV  
  64  10:14  SCV  
  46  10:41  Command Center  
  41  11:01  Marine  
  40  11:05  Marine  
  40  11:09  Battlecruiser  
  47  11:19  Marine  
  47  11:22  Marine  
  49  11:37  Marine  
  50  11:40  Marine  
  51  11:51  Thor  
  51  11:52  Neosteel Armor  
  57  11:54  Marine  
  57  11:58  Marine  
  57  12:00  Battlecruiser  
  65  12:12  Marine  
  65  12:14  Battlecruiser  
  72  12:16  Marine  
  72  12:20  Refinery  
  73  12:24  SCV  
  74  12:30  Marine  
  74  12:34  Marine, Siege Tank  
  74  12:36  SCV  
  80  12:48  Marine, SCV  
  82  12:51  Marine  
  82  12:57  Refinery  
  83  13:00  SCV  
  84  13:06  Siege Tank  
  84  13:07  Marine  
  84  13:09  Marine  
  84  13:12  SCV  
  90  13:25  Marine  
  91  13:27  Marine  
  91  13:32  Hi-Sec Auto Tracking  
  92  13:42  Marine  
  92  13:45  Marine  
  94  13:54  SCV  
  95  14:00  Marine  
  96  14:03  Marine  
  96  14:06  SCV  
  98  14:18  Marine, SCV  
  100  14:30  SCV  
  101  14:39  Battlecruiser  
  101  14:48  Battlecruiser  
  101  14:54  SCV  
  89  15:43  Battlecruiser  
  95  15:53  Battlecruiser  
  101  16:32  Marine x2  
  101  16:47  Battlecruiser  
  101  16:49  Marine x2  
  109  19:06  Marine x2  
  107  19:24  Marine x2  
Show
View Real Time Build Order
Export as new Build Order

BallofWater Protoss 

Build Orders:  

Get SALT Encoding   

  12  0:11  Assimilator  
  12  0:35  Pylon  
  12  0:40  Pylon  
  12  0:45  Pylon  
  12  0:48  Probe (Chrono Boost)  
  14  0:58  Probe (Chrono Boost)  
  14  1:11  Assimilator  
  14  1:22  Forge  
  14  1:32  Gateway  
  14  1:49  Pylon  
  14  2:09  Nexus  
  14  2:27  Photon Cannon  
  14  2:43  Photon Cannon  
  14  2:57  Assimilator  
  14  3:02  Assimilator  
  14  3:21  Cybernetics Core  
  14  3:28  Photon Cannon  
  14  3:41  Zealot (Chrono Boost)  
  16  4:00  Zealot (Chrono Boost)  
  16  4:01  Photon Cannon  
  17  4:19  Probe  
  18  4:31  Probe  
  19  4:43  Probe  
  20  4:46  Shield Battery  
  19  5:26  Stargate  
  19  5:38  Pylon  
  19  6:02  Probe  
  19  6:03  Stargate  
  20  6:25  Fleet Beacon  
  20  7:00  Photon Cannon  
  26  7:15  Robotics Facility, Carrier  
  26  7:33  Probe  
  27  7:39  Probe  
  28  7:46  Probe (Chrono Boost)  
  29  7:51  Probe (Chrono Boost)  
  30  8:02  Probe (Chrono Boost)  
  31  8:11  Probe (Chrono Boost)  
  32  8:18  Probe (Chrono Boost)  
  33  8:21  Mothership (Chrono Boost)  
  41  8:43  Tempest  
  46  9:13  Tempest  
  51  9:26  Tempest  
  50  10:07  Probe  
  34  10:33  Tempest x2 (Chrono Boost)  
  43  11:08  Tempest  
  43  11:09  Tempest  
  42  11:26  Probe  
  43  11:38  Probe  
  44  11:50  Pylon  
  44  11:52  Tempest  
  49  11:54  Tempest  
  54  12:20  Probe (Chrono Boost)  
  55  12:32  Probe (Chrono Boost)  
  56  13:05  Phoenix  
  58  13:30  Pylon  
  66  13:48  Mothership (Chrono Boost)  
  66  13:52  Pylon  
  66  13:57  Photon Cannon  
  66  14:02  Shield Battery  
  54  15:16  Pylon  
  54  15:17  Phoenix  
  34  15:39  Tempest (Chrono Boost)  
  44  15:50  Tempest (Chrono Boost)  
Show
View Real Time Build Order
Export as new Build Order

BallofNails Terran 

Build Orders:  

Get SALT Encoding   

  12  0:22  Supply Depot  
  12  0:34  Refinery  
  12  0:39  Refinery  
  12  0:54  Barracks  
  12  1:04  SCV  
  13  1:16  SCV  
  14  1:25  Engineering Bay  
  14  1:28  SCV  
  15  1:40  SCV  
  16  1:52  Supply Depot, Marine  
  17  2:21  Factory  
  17  3:14  Armory  
  17  3:37  Command Center  
  13  3:55  Marine  
  6  4:13  Marine  
  7  4:31  Marine  
  7  5:12  SCV  
  8  5:24  SCV  
  9  5:36  SCV  
  10  5:56  SCV  
  11  6:08  Factory Tech Lab  
  11  6:25  SCV  
  12  6:43  SCV  
  13  7:00  Siege Tank  
  16  8:09  Armory  
  16  8:15  Starport  
  17  8:20  SCV  
  17  8:32  SCV  
  18  8:44  SCV  
  19  8:57  Starport Tech Lab  
  8  11:02  SCV  
  9  11:14  SCV  
  9  11:15  Fusion Core  
  10  11:26  SCV  
  11  11:41  SCV  
  12  11:47  SCV  
  12  11:53  SCV  
  14  11:59  SCV  
  15  12:05  SCV  
  16  12:19  SCV  
  17  12:34  SCV  
  18  12:46  SCV  
  19  13:07  Refinery  
  19  14:03  Battlecruiser  
  25  15:14  Battlecruiser  
Tags
 
Add a new tag
Caveats
  • Supply blocks, unpowered buildings, or Contaminate may cause inaccurate times.
  • Supply counts are checked every 10 seconds.